 Dungeon Crawl Stone Soup version 0.28.0 (webtiles) character file.

Game seed: 1118946044213560629

1094 browni3141 the Skirmisher (level 8, 0/69 (71) HPs)
             Began as a Minotaur Berserker on Feb 10, 2022.
             Was a Believer of Trog.
             Slain by a wight (7 damage)
             ... on level 6 of the Dungeon.
             The game lasted 00:02:31 (4608 turns).

browni3141 the Skirmisher (Minotaur Berserker)      Turns: 4608, Time: 00:02:31

HP:   0/69 (71)     AC:  2    Str: 24    XL:     8   Next: 10%
MP:   7/7           EV: 13    Int:  4    God:    Trog [**....]
Gold: 194           SH:  0    Dex: 10    Spells: 7/7 levels left

rFire   + . .      SeeInvis +   a - +0 hand axe
rCold   + . .      Faith    .   (no shield)
rNeg    . . .      Spirit   .   b - +0 animal skin
rPois   .          Reflect  .   (helmet restricted)
rElec   .          Harm     .   j - scarf {rC+ rF+}
rCorr   .          Rampage  .   (no gloves)
Will    .....                   (no boots)
Stlth   +.........              (no amulet)
HPRegen 0.21/turn               c - ring of see invisible
MPRegen 0.10/turn               (no ring)

@: on berserk cooldown, slowed, lightly drained, very slow
A: horns 2, retaliatory headbutt
a: Renounce Religion, Berserk, Trog's Hand


You were on level 6 of the Dungeon.
You worshipped Trog.
Trog was pleased with you.
You visited 1 branch of the dungeon, and saw 6 of its levels.

You collected 194 gold pieces.

Inventory:

Hand Weapons
 a - a +0 hand axe (weapon)
Armour
 b - a +0 animal skin (worn)
 j - a scarf of resistance (worn)
Jewellery
 c - a ring of see invisible (left hand)
 i - a ring of ice
Wands
 m - a wand of mindburst (15)
Scrolls
 d - 3 scrolls of fear {unknown}
 e - 4 scrolls of identify {unknown}
 g - 4 scrolls of vulnerability {unknown}
 k - a scroll of magic mapping {unknown}
 n - 3 scrolls of blinking {unknown}
 o - a scroll of amnesia {unknown}
Potions
 f - a potion of attraction {unknown}
 h - a potion of ambrosia {unknown}
 l - a potion of mutation {unknown}
 p - a potion of curing {unknown}
 q - 2 potions of degeneration {unknown}


   Skills:
 + Level 6.8 Fighting
 + Level 6.7 Axes
 + Level 6.1 Armour
 + Level 5.5 Dodging


You had 7 spell levels left.
You didn't know any spells.
Your spell library was empty.

Dungeon Overview and Level Annotations

Branches:
Dungeon (6/15)             Temple (0/1) D:5

Altars:

Shops:
D:5 :


Innate Abilities, Weirdness & Mutations

You have a pair of horns on your head.
You reflexively headbutt those who attack you in melee.


Message History

You miss the orc wizard. You headbutt the orc wizard!
The orc wizard is almost dead.
You feel sick. The wight closely misses you.
Unknown command.
You barely miss the orc wizard.
The orc wizard is almost dead.
The orc wizard hits you with a +0 dagger.
You feel sick. The wight closely misses you.
The orc wizard points at you and mumbles some strange words.
The magic dart hits you!
You see here a +0 flail.
You hit the wight.
The wight is lightly damaged.
You feel sick.
You are no longer poisoned.
The wight misses you. The orc wizard casts a spell at you.
The magic dart hits you!
You feel a strong urge to attack something.
The wight misses you.
You bump into the rock wall.
You are no longer berserk.
You are exhausted.
You feel yourself slow down. The wight hits you with a +2 spear!
* * * LOW HITPOINT WARNING * * *
You bump into the rock wall.
The wight closely misses you. The orc wizard casts a spell at you.
You resist with some effort.
You bump into the rock wall.
You feel less confused. The wight misses you. The orc wizard misses you.
The wight hits you with a +2 spear!
* * * LOW HITPOINT WARNING * * *
Unknown command.
You hit the orc wizard.
You kill the orc wizard!
Trog accepts your kill.
Trog appreciates your killing of a magic user.
You barely miss the wight. The wight hits you with a +2 spear!
You die...

###.........#
...../......#
#...........#
#..........# .
..........###
#.####.##†).......
.....#.##.)..(.#
#....z)####.#
###...@# #<.#..#
#...#..# ##......#
..##.#... #.##
....## #. .#....
#. ##..#.


You could see a wight.

Vanquished Creatures
  A water moccasin (D:6)
  A black bear (D:5)
  A sky beast (D:5)
  2 ogres
  A centaur (D:5)
  A bullfrog (D:5)
  A scorpion (D:4)
  A howler monkey (D:5)
  3 hounds
  An orc priest (D:5)
  A gnoll shaman (D:3)
  4 orc wizards
  A hound skeleton (D:4)
  A howler monkey zombie (D:5)
  3 gnolls (D:3)
  4 adders
  A worm (D:4)
  2 dart slugs
  14 orcs
  5 bats
  4 endoplasms
  4 giant cockroaches
  8 goblins
  5 hobgoblins
  3 quokkas
  2 ball pythons
  A frilled lizard (D:1)
  5 kobolds
  8 rats
89 creatures vanquished.

Notes
Turn   | Place    | Note
-------+----------+-------------------------------------------
     0 | D:1      | browni3141 the Minotaur Berserker began the quest for the
                  | Orb.
     0 | D:1      | Reached XP level 1. HP: 19/19 MP: 0/0
   192 | D:1      | Found a faded altar of an unknown god.
   356 | D:1      | Reached XP level 2. HP: 27/27 MP: 1/1
   784 | D:3      | Reached XP level 3. HP: 30/33 MP: 2/2
   868 | D:3      | Reached ** piety under Trog
   877 | D:3      | Reached XP level 4. HP: 27/40 MP: 3/3
  2039 | D:4      | Noticed an ogre
  2046 | D:4      | Killed an ogre
  2047 | D:4      | Reached skill level 5 in Fighting
  2047 | D:4      | Reached skill level 5 in Axes
  2047 | D:4      | Reached XP level 5. HP: 48/48 MP: 4/4
  2077 | D:4      | Reached XP level 6. HP: 56/56 MP: 5/5
  2271 | D:4      | Identified the +3 leather armour of Feej {Harm rC++ Str-5}
  2885 | D:5      | Entered Level 5 of the Dungeon
  3066 | D:5      | Found Quxyuti's Self-Improvement Boutique.
  3111 | D:5      | Noticed a sky beast
  3117 | D:5      | Reached skill level 5 in Armour
  3117 | D:5      | Reached XP level 7. HP: 31/62 MP: 6/6
  3446 | D:5      | Found a staircase to the Ecumenical Temple.
  3644 | D:5      | Reached skill level 5 in Dodging
  4596 | D:6      | Reached XP level 8. HP: 71/71 MP: 7/7
  4608 | D:6      | Slain by a wight

Illustrated notes

Levels and vault maps discovered:
D:1:      minmay_arrival_wavy_path, layout_basic,
          chequers_ecumenical_altar_island
D:2:      layout_basic, basic_altar, minmay_cupped
D:3:      layout_loops_ring, minmay_randomly_rotated_circles
D:4:      layout_loops_ring
D:5:      layout_basic, temple_statues, hex_medium, nicolae_shop_self_help
D:6:      layout_rooms, minivault_1

Skill      XL: |  1  2  3  4  5  6  7 |
---------------+----------------------+-----
Axes           | 4 5 6 |  6.7
Fighting       | 4 5 6 |  6.8
Armour         | 3 4 5 6 |  6.1
Dodging        | 3 4 5 |  5.5

Action                   |  1- 3 |  4- 6 |  7- 9 || total
-------------------------+-------+-------+-------++-------
Melee: Hand axe          |    64 |    92 |    55 ||   211
       Headbutt          |     8 |    12 |     6 ||    26
Invok: Berserk           |     1 |     3 |     4 ||     8
 Stab: Sleeping          |     2 |       |       ||     2
Armor: Animal skin       |    11 |     8 |     8 ||    27
Dodge: Dodged            |    41 |    77 |    45 ||   163
